Map: Disco Bloodbath LE

Players

Heisenberg

  • Race: Zerg Zerg
  • League: Platinum
  • Spawn Location: 3:00

pHARM - Winner!

  • Race: Zerg Zerg
  • League: Platinum
  • Spawn Location: 9:00

VOD

Have the link to the VOD?

Description

Time

  • Played on: Sept. 14, 2019, 12:22 a.m.
  • Length: 10:25
Show
View Real Time Build Order
Export as new Build Order

Heisenberg Zerg 

Build Orders: Hatch First 

Get SALT Encoding   

  12  0:01  Drone  
  13  0:13  Overlord  
  13  0:17  Drone  
  14  0:24  Extractor  
  14  0:25  Drone  
  15  0:33  Drone  
  16  0:49  Hatchery  
  15  0:54  Drone  
  16  0:57  Drone  
  16  1:00  Extractor  
  16  1:04  Drone  
  17  1:19  Spawning Pool  
  17  1:23  Drone  
  17  1:26  Drone  
  17  1:30  Drone  
  19  1:40  Overlord  
  19  2:05  Queen  
  19  2:06  Queen  
  19  2:07  Zergling x2  
  24  2:12  Drone  
  25  2:15  Drone  
  25  2:16  Drone  
  27  2:35  Drone  
  28  2:39  Roach Warren  
  28  2:40  Drone  
  28  2:41  Overlord  
  28  2:54  Overlord x2  
  28  3:26  Roach x6  
  28  3:27  Roach x4  
  47  3:33  Overlord  
  47  3:34  Drone  
  48  3:51  Overlord  
  48  3:53  Drone  
  49  4:00  Hatchery  
  48  4:03  Drone x2  
  48  4:04  Drone x2  
  48  4:09  Pneumatized Carapace  
  52  4:14  Queen  
  54  4:21  Drone x2  
  56  4:30  Extractor  
  55  4:31  Drone  
  55  4:32  Drone x2  
  55  4:33  Overlord, Extractor  
  57  4:48  Drone x2  
  57  4:49  Overlord x2, Drone  
  60  4:58  Roach x3  
  66  5:07  Overlord, Drone x3  
  66  5:14  Extractor  
  60  5:23  Drone  
  60  5:24  Roach x2  
  57  5:31  Queen  
  57  5:33  Lair  
  55  5:38  Evolution Chamber  
  55  5:39  Evolution Chamber  
  53  5:43  Roach x2  
  53  5:44  Roach x2  
  59  6:04  Spine Crawler  
  58  6:05  Roach x4  
  58  6:09  Zerg Missile Weapons Level 1  
  66  6:13  Spine Crawler  
  59  6:37  Overlord, Drone x3  
  59  6:38  Overlord  
  59  6:39  Roach x4  
  70  6:41  Ravager  
  70  6:42  Ravager  
  70  6:45  Ravager  
  70  6:47  Drone x3  
  76  6:55  Glial Reconstitution  
  76  7:07  Drone  
  76  7:08  Overlord, Drone x2  
  79  7:10  Extractor  
  79  7:12  Extractor  
  79  7:14  Drone x3  
  79  7:15  Drone x3  
  83  7:30  Metabolic Boost  
  83  7:41  Spire  
  83  7:42  Overseer  
  82  8:11  Infestation Pit  
  81  8:13  Zerg Ground Armor Level 1  
  81  8:15  Drone x14  
  81  8:16  Drone  
  96  8:33  Queen  
  96  8:34  Queen  
  102  8:44  Drone  
  102  8:45  Overlord x2, Drone x3  
  102  8:46  Overlord  
  106  8:50  Hatchery  
  105  9:00  Spine Crawler  
  105  9:02  Hive  
  102  9:03  Pathogen Glands  
  102  9:16  Drone x3  
  102  9:17  Drone, Baneling Nest  
  106  9:18  Overlord x2  
  105  9:25  Drone x5  
  110  9:33  Ravager x3  
  110  9:35  Spine Crawler  
  110  9:36  Spine Crawler  
  111  9:46  Infestor x3  
  111  9:49  Zergling x2  
  111  9:50  Zergling x18  
  127  9:58  Hatchery  
Show
View Real Time Build Order
Export as new Build Order

pHARM Zerg - Winner!

Build Orders: Hatch First 

Get SALT Encoding   

  12  0:01  Drone  
  13  0:12  Overlord  
  13  0:18  Drone  
  14  0:31  Drone x2  
  16  0:43  Drone  
  17  0:56  Hatchery  
  16  1:00  Drone x2  
  18  1:16  Spawning Pool  
  17  1:20  Drone  
  17  1:21  Drone  
  19  1:29  Drone  
  20  1:34  Extractor  
  19  1:40  Drone  
  20  2:04  Queen  
  22  2:08  Overlord  
  22  2:09  Queen  
  22  2:13  Drone x3  
  27  2:24  Drone  
  27  2:28  Overlord  
  28  2:36  Drone  
  28  2:37  Drone  
  30  2:54  Drone  
  30  2:55  Drone x2  
  33  3:25  Drone x10  
  33  3:26  Baneling Nest  
  42  3:31  Lair  
  42  3:44  Extractor x2  
  40  3:48  Evolution Chamber  
  40  3:52  Roach Warren  
  40  3:53  Evolution Chamber  
  40  3:54  Drone x5  
  42  4:03  Queen  
  44  4:22  Spine Crawler  
  44  4:23  Overlord x4, Spine Crawler x2  
  41  4:32  Roach  
  43  4:42  Roach x9  
  57  4:49  Queen x2  
  61  4:58  Roach x3  
  68  5:00  Roach  
  66  5:13  Drone x3  
  63  5:22  Zerg Missile Weapons Level 1  
  63  5:24  Zerg Ground Armor Level 1  
  59  5:42  Roach Warren  
  58  5:48  Drone  
  58  5:49  Drone x6  
  65  6:20  Hatchery  
  58  6:52  Infestation Pit  
  57  6:55  Drone x11, Hydralisk Den  
  57  6:56  Drone  
  57  6:57  Extractor  
  67  7:11  Overlord x4  
  67  7:20  Zerg Ground Armor Level 2, Zerg Missile Weapons Level 2  
  67  7:26  Muscular Augments  
  67  7:29  Hive  
  67  7:34  Roach x8  
  83  7:48  Roach x4  
  91  8:01  Drone  
  92  8:06  Extractor  
  92  8:08  Extractor  
  90  8:15  Drone x2  
  90  8:16  Drone x3  
  90  8:17  Drone x2  
  90  8:18  Drone x4  
  101  8:22  Hatchery  
  101  8:27  Overlord x5  
  100  8:37  Grooved Spines  
  100  8:41  Glial Reconstitution  
  100  8:47  Roach x9  
  118  8:56  Roach x2  
  122  9:04  Hydralisk x4  
  122  9:05  Hydralisk x3  
  122  9:09  Overlord x3  
  136  9:26  Hydralisk x2  
  136  9:27  Hydralisk x5  
  150  9:42  Drone x3  
  150  9:43  Drone x6  
  159  10:01  Overlord x5  
Tags
 
Add a new tag
Caveats
  • Supply blocks, unpowered buildings, or Contaminate may cause inaccurate times.
  • Supply counts are checked every 10 seconds.